 Seeded DCSS version 0.29.1-15-g9cfb28693d (webtiles) character file.

Game seed: 1 (custom seed)

7525 Kazon the Carver (level 11, -1/86 HPs)
             Began as a Barachi Fighter on Mar 16, 2023.
             Was an Elder of Okawaru.
             Slain by a troll (8 damage)
             ... on level 10 of the Dungeon on Mar 17, 2023.
             The game lasted 00:34:37 (7116 turns).

Kazon the Carver (Barachi Fighter)                  Turns: 7116, Time: 00:34:38

Health: -1/86      AC: 13    Str: 28    XL:     11   Next: 16%
Magic:  13/13      EV: 13    Int: 10    God:    Okawaru [****..]
Gold:   404        SH:  6    Dex: 13    Spells: 10/10 levels left

rFire   . . .      SeeInvis .   e - +2 dagger (venom)
rCold   + + .      Faith    .   c - +0 buckler
rNeg    + . .      Spirit   .   C - +3 leather armour {rC+}
rPois   .          Reflect  .   l - +0 helmet
rElec   .          Harm     .   f - +1 cloak of Privacy {Regen+ Str+9 Stlth-}
rCorr   .          Rampage  .   (no gloves)
Will    .....                   n - +2 pair of boots
Stlth   +.........              g - amulet of the acrobat
HPRegen 1.04/turn               u - ring of positive energy
MPRegen 0.13/turn               E - ring of protection from cold

@: slow
A: amphibious, slowness 1, strong legs 1, +LOS
a: Hop, Renounce Religion, Heroism, Finesse


You were on level 10 of the Dungeon.
You worshipped Okawaru.
Okawaru was greatly pleased with you.
You visited 2 branches of the dungeon, and saw 11 of its levels.

You collected 630 gold pieces.
You spent 226 gold pieces at shops.

Inventory:

Hand Weapons
 e - a +2 dagger of venom (weapon)
 s - the +3 falchion of Winter {venom, rCorr}
   (You bought it in a shop on level 3 of the Dungeon)

   It poisons the flesh of those it strikes.
   rCorr:     It protects you from acid and corrosion.
Missiles
 r - a throwing net
 D - 3 curare-tipped darts
 I - 12 poisoned darts
 K - 5 boomerangs (quivered)
 L - 2 silver javelins
Armour
 c - a +0 buckler (worn)
 f - the +1 cloak of Privacy (worn) {Regen+ Str+9 Stlth-}
   (You acquired it on level 1 of the Dungeon)

   Str:       It affects your strength (+9).
   Regen:     It increases your rate of health regeneration.
   Stlth:     It makes you less stealthy.
 l - a +0 helmet (worn)
 n - a +2 pair of boots (worn)
 C - a +3 leather armour of cold resistance (worn)
Jewellery
 g - an amulet of the acrobat (around neck)
 u - a ring of positive energy (left hand)
 E - a ring of protection from cold (right hand)
 G - a ring of protection from cold
Wands
 A - a wand of mindburst (16)
 B - a wand of flame (7)
 H - a wand of paralysis (13)
 M - a wand of roots (6)
Scrolls
 i - 6 scrolls of identify
 j - a scroll of amnesia {unknown}
 o - a scroll of immolation
 p - a scroll of poison {unknown}
 q - 2 scrolls of enchant weapon {unknown}
 t - 3 scrolls of fog {unknown}
 v - 3 scrolls of teleportation
 w - a scroll of magic mapping
 y - 2 scrolls of noise {unknown}
 J - 3 scrolls of fear
Potions
 a - 2 potions of ambrosia {unknown}
 b - 4 potions of berserk rage {unknown}
 d - 2 potions of might
 h - 2 potions of flight
 k - a potion of magic
 m - 2 potions of cancellation
 x - 5 potions of lignification
 z - 2 potions of haste
 F - 2 potions of curing
Miscellaneous
 O - a condenser vane


   Skills:
 + Level 8.2 Fighting
 + Level 4.4(7.4) Short Blades
 + Level 10.1(10.5) Long Blades
 + Level 6.3 Throwing
 + Level 7.4 Armour
 + Level 6.0 Dodging
 + Level 4.4 Stealth
 + Level 7.1 Shields
 * Level 3.0 Invocations
 * Level 5.7 Evocations


You had 10 spell levels left.
You didn't know any spells.
Your spell library contained the following spells:

 Spells                   Type           Power      Damage    Failure   Level
 Apportation              Tloc           0%         N/A       47%         1
 Magic Dart               Conj           0%         1d3       47%         1
 Necrotise                Necr           0%         1d4       47%         1
 Sting                    Tmut/Pois      0%         1d3       47%         1
 Poisonous Vapours        Pois/Air       0%         N/A       63%         2
 Mephitic Cloud           Conj/Pois/Air  0%         N/A       85%         3
 Ozocubu's Armour         Ice            0%         N/A       85%         3
 Olgreb's Toxic Radiance  Pois           0%         N/A       99%         4
 Fireball                 Conj/Fire      0%         3d3       100%        5
 Iskenderun's Battlesphe  Conj           0%         2d6       100%        5
 Metabolic Englaciation   Hex/Ice        0%         N/A       100%        5
 Conjure Ball Lightning   Conj/Air       0%         3x3d6     100%        6
 Orb of Destruction       Conj           0%         9d5       100%        7
 Summon Small Mammal      Summ           Unusable   N/A       N/A         1
 Call Imp                 Summ           Unusable   N/A       N/A         2
 Simulacrum               Ice/Necr       Unusable   N/A       N/A         6

Dungeon Overview and Level Annotations

Branches:
Dungeon (10/15)            Temple (1/1) D:7            Lair (0/5) D:10
    Orc: D:9-12

Altars:
Ashenzari
Dithmenos
Elyvilon
Fedhas
Gozag
Hepliaklqana
Makhleb
Nemelex Xobeh
Okawaru
Qazlal
Uskayaw
Xom

Shops:
D:3 (   D:8 ?(==

Annotations:
D:10 Erolcha


Innate Abilities, Weirdness & Mutations

You are amphibious.
You cover ground slowly.
You can hop short distances.
You have an extended range of vision and can be seen from far away.


Message History

Found a stone staircase leading up.
The +3 falchion of Winter {venom, rCorr} stops dripping with poison.
Your +2 dagger of venom begins to drip with poison!
e - a +2 dagger of venom (weapon)
You open the door.
Erolcha the Cunning comes into view.
She is wielding a +0 giant club and carrying a wand of flame (11).
Erolcha casts a spell at you.
The fireball explodes!
The fireball engulfs you!!
You hear a shout!
Found a wand of flame (9).
Erolcha screams, "Erolcha kill you!" Erolcha completely misses you.
There is an open door here.
You barely miss Erolcha. You barely miss Erolcha.
Erolcha zaps a wand.
The puff of flame misses you.
You completely miss Erolcha. Erolcha hits you with a +0 giant club!!
You hit Erolcha.
Erolcha is lightly wounded.
You hit Erolcha but do no damage.
Erolcha is poisoned.
Erolcha is lightly wounded.
You hit Erolcha but do no damage.
Erolcha looks as sick as possible!
Erolcha is lightly wounded.
Erolcha hits you with a +0 giant club.
You hit Erolcha.
Erolcha looks as sick as possible!
Erolcha is lightly wounded.
You closely miss Erolcha.
Erolcha is lightly wounded.
Erolcha zaps a wand.
The puff of flame misses you.
You hit Erolcha.
Erolcha is moderately wounded.
Erolcha casts a spell.
Erolcha flickers and vanishes!
Deactivating autopickup; reactivate with Ctrl-A.
You hit something. You hit something but do no damage. Something hits you!!
* * * LOW HITPOINT WARNING * * *
You closely miss something. The troll attacks as you move away!
You block the troll's attack. The troll claws you!
You die...

#...........†~~~~~~.
#.#....####.#.#.####
#.##...# #.#.+.#..#
#......####.#.#.#... ##
#.........#)#.#.#... ....
#<......#.#.#.#.#...
./...####......#.#.#.#...
#....#T..####.#...#...
#...{@...#.##.#...#...
#....#.#.#.##.#.#.'...
##+###...#.##.#...#...
....#....#...#...
....######...####
#..#........#.....
#..#.....#.....###
.................. ##
#############


You could see a troll.

Vanquished Creatures
  A two-headed ogre (D:9)
  Maggie (D:6)
  Prince Ribbit (D:9)
  A shadow (D:9)
  A vampire (D:10)
  A yak (D:6)
  2 wyverns
  Eustachio (D:5)
  2 steam dragons
  Menkaure (D:5)
  Edmund (D:6)
  An acid dragon (D:10)
  4 water moccasins
  4 orc warriors
  An ice beast (D:8)
  5 sky beasts
  2 black bears (D:6)
  4 centaurs
  An ogre (D:6)
  A wolf (D:10)
  2 phantoms (D:6)
  2 kobold brigands
  3 necrophages
  A bullfrog (D:7)
  A gnoll sergeant (D:7)
  5 scorpions
  14 wights
  An electric eel (D:10)
  A howler monkey (D:5)
  2 jellies (D:6)
  6 hounds
  7 orc priests
  A gnoll bouda (D:6)
  6 iguanas
  2 orc wizards (D:9)
  Robin (D:3)
  15 gnolls
  13 adders
  3 shadow imps
  2 white imps (D:7)
  An ufetubus (D:5)
  3 worms
  34 orcs
  11 endoplasms
  A giant cockroach (D:1)
  16 goblins
  9 hobgoblins
  A jackal (D:4)
  17 kobolds
  2 quokkas
  4 ball pythons
  4 bats
  3 frilled lizards
  6 rats
236 creatures vanquished.

Notes
Turn   | Place    | Note
-------+----------+-------------------------------------------
     0 | D:1      | Kazon the Barachi Fighter began the quest for the Orb.
     0 | D:1      | Reached XP level 1. HP: 18/18 MP: 1/1
    40 | D:1      | Identified a scroll of acquirement
    40 | D:1      | Acquired the +1 cloak of Privacy {Regen+ Str+9 Stlth-}
   121 | D:1      | Reached XP level 2. HP: 24/25 MP: 2/2
   725 | D:2      | Reached skill level 1 in Dodging
   725 | D:2      | Reached XP level 3. HP: 27/30 MP: 3/3
   751 | D:2      | Reached skill level 3 in Long Blades
  1192 | D:2      | Reached XP level 4. HP: 31/38 MP: 4/4
  1354 | D:3      | Found Umat's Antique Weapon Boutique.
  1381 | D:3      | Bought a crude falchion for 184 gold pieces
  1381 | D:3      | Identified the +3 falchion of Winter {venom, rCorr} (You
                  | bought it in a shop on level 3 of the Dungeon)
  1514 | D:3      | Reached skill level 4 in Long Blades
  1549 | D:3      | Noticed Robin
  1555 | D:3      | Killed Robin
  1556 | D:3      | Reached XP level 5. HP: 43/43 MP: 5/5
  1813 | D:3      | Reached skill level 6 in Long Blades
  1813 | D:3      | Reached skill level 5 in Shields
  1813 | D:3      | Reached XP level 6. HP: 53/53 MP: 6/6
  2000 | D:4      | Reached skill level 7 in Long Blades
  2122 | D:4      | Reached XP level 7. HP: 59/59 MP: 7/7
  2483 | D:4      | Found a hazy altar of Hepliaklqana.
  2935 | D:5      | Entered Level 5 of the Dungeon
  2978 | D:5      | Noticed Eustachio
  2994 | D:5      | Killed Eustachio
  3007 | D:5      | Reached XP level 8. HP: 66/67 MP: 8/8
  3078 | D:5      | Reached skill level 5 in Throwing
  3106 | D:5      | Reached skill level 1 in Evocations
  3452 | D:5      | Noticed Menkaure
  3455 | D:5      | Killed Menkaure
  3874 | D:7      | Found a staircase to the Ecumenical Temple.
  3888 | Temple   | Entered the Ecumenical Temple
  3897 | Temple   | Became a worshipper of Warmaster Okawaru
  3914 | Temple   | Reached XP level 9. HP: 72/72 MP: 9/9
  3962 | D:7      | Found a hide-covered altar of Uskayaw.
  4048 | D:6      | Reached skill level 5 in Dodging
  4059 | D:6      | Reached skill level 8 in Long Blades
  4078 | D:6      | Reached * piety under Okawaru
  4100 | D:6      | Reached skill level 1 in Invocations
  4120 | D:6      | Noticed Edmund
  4145 | D:6      | Killed Edmund
  4182 | D:6      | Reached ** piety under Okawaru
  4512 | D:6      | Reached XP level 10. HP: 79/80 MP: 11/11
  4789 | D:6      | Noticed Maggie
  4812 | D:6      | Killed Maggie
  4813 | D:6      | Reached skill level 9 in Long Blades
  5025 | D:7      | Found a white marble altar of Elyvilon.
  5227 | D:7      | Reached *** piety under Okawaru
  5416 | D:8      | Found Quzidd's Magic Scroll Emporium.
  5421 | D:8      | Bought a scroll of teleportation for 42 gold pieces
  5662 | D:8      | Found Heidghoki's Jewellery Shop.
  5694 | D:8      | Found Zoxtaeshakh's Jewellery Boutique.
  5788 | D:8      | Received a gift from Okawaru
  5811 | D:8      | Found Esumer's Weapon Shop.
  6386 | D:9      | Reached skill level 5 in Evocations
  6502 | D:9      | Noticed Prince Ribbit
  6533 | D:9      | Killed Prince Ribbit
  6533 | D:9      | Reached **** piety under Okawaru
  6815 | D:9      | Noticed a two-headed ogre
  6826 | D:9      | Killed a two-headed ogre
  6827 | D:9      | Reached skill level 10 in Long Blades
  6827 | D:9      | Reached XP level 11. HP: 86/86 MP: 11/13
  6998 | D:10     | Entered Level 10 of the Dungeon
  7049 | D:10     | Found a staircase to the Lair.
  7102 | D:10     | Noticed Erolcha
  7116 | D:10     | Slain by a troll

Illustrated notes

Levels and vault maps discovered:
D:1:      dpeg_arrival_three_smaller_balls, layout_basic
D:2:      layout_loops_ring
D:3:      layout_basic, serial_shops, nicolae_shop_stone, st_stairs_9,
          minmay_misc_feat_doors, eino_curves_03, uniq_robin
D:4:      minmay_wonky_spiral, layout_basic,
          mainiacjoe_overflow_surrounded_room, minivault_5
D:5:      layout_cave_pods, uniq_menkaure, uniq_eustachio
D:6:      cheibrodos_barr_body, layout_basic, minmay_crystal_room,
          minmay_pentangle, uniq_maggie, uniq_edmund
D:7:      layout_cave_pools, nicolae_uskayaw_murder_on_the_dancefloor,
          elyvilon_altar_4, minmay_temple_entry_purple_smoke
D:8:      layout_basic, serial_shops, shop_statue, kennysheep_little_box, shop,
          nicolae_shop_window_shopping
D:9:      layout_cave_pools, uniq_prince_ribbit1
D:10:     layout_stronghold, erik_lair_island, serial_shops,
          nicolae_shop_statue_plus, uniq_erolcha
Temple:   nicolae_temple_bog_church

Skill      XL: |  1  2  3  4  5  6  7  8  9 10 11 |
---------------+----------------------------------+-----
Dodging        | 1 4 5 6 |  6.0
Fighting       | 4 6 7 8 |  8.2
Long Blades    | 3 4 6 7 8 10 | 10.1
Armour         | 4 6 7 |  7.4
Short Blades   | 4 |  4.4
Throwing       | 4 5 6 |  6.3
Stealth        | 3 4 |  4.4
Shields        | 5 6 7 |  7.1
Evocations     | 2 3 5 |  5.7
Invocations    | 1 2 3 |  3.0

Action                   |  1- 3 |  4- 6 |  7- 9 | 10-12 || total
-------------------------+-------+-------+-------+-------++-------
Melee: Long sword        |   102 |       |       |       ||   102
       Dagger            |     8 |    20 |    28 |    46 ||   102
       Falchion          |       |    67 |   280 |   351 ||   698
Throw: Stone             |     8 |    24 |    40 |    38 ||   110
       Boomerang         |       |    24 |    23 |    35 ||    82
       Dart              |       |       |       |     5 ||     5
Invok: Heroism           |       |       |     1 |     1 ||     2
 Abil: Hop               |       |       |     1 |       ||     1
Evoke: Wand              |       |       |     4 |     8 ||    12
  Use: Scroll            |     1 |       |     3 |     7 ||    11
       Potion            |       |     1 |     1 |     2 ||     4
 Stab: Paralysed         |       |       |       |    12 ||    12
Armor: Scale mail        |    65 |    21 |    16 |       ||   102
       Leather armour    |       |       |    84 |    89 ||   173
Dodge: Dodged            |    61 |    41 |   125 |   179 ||   406
Block: Buckler           |    26 |    15 |    70 |    92 ||   203
